 Dungeon Crawl Stone Soup version 0.25-a0-353-ged6d54792d (webtiles) character file.

Game seed: 5945723328939887483, levelgen mode: classic

386 Borgoz the Cudgeler (level 6, -6/38 HPs)
             Began as a Gargoyle Gladiator on Jan 2, 2020.
             Mangled by a gnoll
             ... wielding a +0 halberd
              (9 damage)
             ... on level 4 of the Dungeon.
             The game lasted 00:05:32 (3906 turns).

Borgoz the Cudgeler (Gargoyle Gladiator)            Turns: 3906, Time: 00:05:33

Health: -6/38      AC: 12    Str: 21    XL:     6   Next: 78%
Magic:  6/6        EV: 12    Int: 13    God:
Gold:   205        SH:  0    Dex: 11    Spells: 5/5 levels left

rFire    . . .     SeeInvis +   a - +0 flail
rCold    . . .     Gourm    .   (no shield)
rNeg     + . .     Faith    .   n - +1 ring mail "Sogahilou" {rCorr Int+4 SInv Stlth+}
rPois    ∞         Spirit   .   c - +0 helmet
rElec    +         Reflect  .   (no cloak)
rCorr    +         Harm     .   (no gloves)
MR       +....                  (no boots)
Stlth    ++........             v - amulet of the acrobat
HPRegen  0.12/turn              C - ring of protection from magic
MPRegen  0.10/turn              r - +2 ring of strength

@: no status effects
A: negative energy resistance 1, electricity resistance, unbreathing,
petrification resistance, rot immunity, AC +4
a: no special abilities


You were on level 4 of the Dungeon.
You were not hungry.

You visited 1 branch of the dungeon, and saw 4 of its levels.

You collected 205 gold pieces.

Inventory:

Hand Weapons
 a - a +0 flail (weapon)
Armour
 c - a +0 helmet (worn)
 n - the +1 ring mail "Sogahilou" (worn) {rCorr Int+4 SInv Stlth+}
   (You found it on level 4 of the Dungeon)

   It affects your intelligence (+4).
   It lets you see invisible.
   It provides partial protection from all sources of acid and corrosion.
   It makes you more stealthy.
 D - the +3 robe of Folly {Archmagi, MR-- Int+5}
   (You found it on level 4 of the Dungeon)

   It affects your intelligence (+5).
   It affects your resistance to hostile enchantments.
Jewellery
 r - a +2 ring of strength (right hand)
 v - an amulet of the acrobat (around neck)
 C - a ring of protection from magic (left hand)
Scrolls
 e - 2 scrolls of enchant armour {unknown}
 g - 2 scrolls of teleportation
 h - 2 scrolls of enchant weapon {unknown}
 i - 2 scrolls of random uselessness {unknown}
 k - a scroll of amnesia {unknown}
 m - a scroll of magic mapping {unknown}
 o - a scroll of noise {unknown}
 p - a scroll of fear {unknown}
 y - 3 scrolls of remove curse {unknown}
Potions
 j - a potion of degeneration {unknown}
 l - 3 potions of mutation
 q - 3 potions of might
 s - a potion of heal wounds {unknown}
 t - a potion of flight {unknown}
 w - 2 potions of ambrosia {unknown}
 A - a potion of invisibility {unknown}
 B - 2 potions of haste {unknown}
Comestibles
 d - 8 chunks of flesh
 f - 8 rations


   Skills:
 + Level 3.8 Fighting
 * Level 5.1 Maces & Flails
 - Level 1.7 Throwing
 + Level 3.0 Armour
 + Level 3.4 Dodging


You had 5 spell levels left.
You didn't know any spells.
Your spell library was empty.

Dungeon Overview and Level Annotations

Branches:
Dungeon (4/15)             Temple (0/1) D:4

Altars:
Vehumet


Innate Abilities, Weirdness & Mutations

You are resistant to torment.
Your stone body is resilient. (AC +4)
You are immune to poison.
You resist negative energy. (rN+)
You are resistant to electric shocks. (rElec)
You can survive without breathing.
You are immune to petrification.
You are immune to rotting.


Message History

* * * LOW HITPOINT WARNING * * *
The gnoll closely misses you.
You hit the gnoll but do no damage.
The gnoll is almost dead.
The jackal closely misses you. The gnoll hits you with a +0 whip.
* * * LOW HITPOINT WARNING * * *
The gnoll closely misses you.
A jackal comes into view.
The jackal bites you but does no damage.
The gnoll barely misses you.
You barely miss the gnoll.
The gnoll is almost dead.
The gnoll barely misses you. The jackal closely misses you.
The gnoll hits you but does no damage. x2; The gnoll closely misses you.
You hit the gnoll.
You kill the gnoll!
The jackal bites you but does no damage.
The gnoll hits you but does no damage.
The gnoll splashes around in the water.
The gnoll hits you from afar with a +0 halberd!
You die...

≈≈.# #....# ≈###+# #....#
≈#...#############''''###########
≈#.gg#...........................
≈#####≈≈≈≈≈≈≈≈≈≈≈≈....≈≈≈≈≈≈≈≈≈≈≈
≈≈≈≈≈≈≈≈≈≈≈≈≈≈≈≈≈≈....≈≈≈≈≈≈≈≈≈≈≈
≈≈≈≈≈≈≈≈≈≈≈≈≈≈≈≈g≈....≈≈≈≈≈≈≈≈≈≈≈
P..........)..gh.................
######..#.###..#@##.........#####
###.......g.#>#########..#
#...........g...# #..÷#
#.#......##.###)# #.÷.#
#############..# #)# #...#
....>......°##.###.# #...#####
...........○ #.....# #........
°...........###.#########..######
............#..............#


You could see 3 gnolls and a jackal.

Vanquished Creatures
  An ogre (D:4)
  A howler monkey (D:2)
  A gnoll shaman (D:4)
  A bullfrog skeleton (D:4)
  A hound skeleton (D:4)
  10 gnolls (D:4)
  2 adders (D:3)
  2 worms
  A dart slug (D:1)
  2 leopard geckos
  An orc (D:3)
  A ball python (D:4)
  2 giant cockroaches
  7 goblins
  7 hobgoblins
  15 jackals
  4 kobolds
  4 bats
  7 frilled lizards
  10 rats
80 creatures vanquished.

Notes
Turn   | Place    | Note
-------+----------+-------------------------------------------
     0 | D:1      | Borgoz the Gargoyle Gladiator began the quest for the Orb.
     0 | D:1      | Reached XP level 1. HP: 12/12 MP: 1/1
   120 | D:1      | Reached XP level 2. HP: 18/18 MP: 2/2
   780 | D:2      | Reached skill level 1 in Armour
   785 | D:2      | Reached XP level 3. HP: 15/22 MP: 3/3
   838 | D:2      | Reached XP level 4. HP: 3/27 MP: 4/4
  2105 | D:3      | Reached skill level 4 in Maces & Flails
  2477 | D:3      | Noticed Ijyb
  2485 | D:3      | Found a radiant altar of Vehumet.
  2677 | D:4      | Found a staircase to the Ecumenical Temple.
  2729 | D:4      | Reached XP level 5. HP: 30/32 MP: 5/5
  2912 | D:4      | Found the +3 robe of Folly {Archmagi, MR-- Int+5}
  2998 | D:4      | Noticed an ogre
  3008 | D:4      | HP: 1/32 [ogre/+0 giant club (15)]
  3018 | D:4      | Killed an ogre
  3018 | D:4      | Reached XP level 6. HP: 3/37 MP: 6/6
  3416 | D:4      | Got a transparent ring mail
  3427 | D:4      | Identified the +1 ring mail "Sogahilou" {rCorr Int+4 SInv
                  | Stlth+} (You found it on level 4 of the Dungeon)
  3766 | D:4      | Reached skill level 5 in Maces & Flails
  3906 | D:4      | Mangled by a gnoll

Levels and vault maps discovered:
D:1:      scummos_arrival_forest, layout_loops_corners
D:2:      layout_rooms, serial_bayou, serial_bayou_shore_a, serial_bayou_lake_a,
          serial_bayou_pond_b, serial_bayou_lagoon_a, serial_bayou_pond_e
D:3:      layout_basic, vehumet_crystals, chequers_serial_rivers_small_3,
          hex_tiny, uniq_ijyb
D:4:      lemuel_castle_with_subvaults [lemuel_castle_interior_carwin_2],
          layout_loops_ring, lemuel_temple_firewalk_b

Skill      XL: |  1  2  3  4  5  6 |
---------------+-------------------+-----
Armour         | 1 2 3 |  3.0
Fighting       | 3 |  3.8
Maces & Flails | 4 5 |  5.1
Dodging        | 3 |  3.4
Throwing       | |  1.7

Action                   |  1- 3 |  4- 6 || total
-------------------------+-------+-------++-------
Melee: Flail             |    91 |   217 ||   308
Throw: Throwing net      |       |     3 ||     3
  Use: Scroll            |       |     4 ||     4
       Potion            |       |     1 ||     1
 Stab: Held in net/web   |       |     1 ||     1
  Eat: Chunk             |       |    10 ||    10
Armor: Leather armour    |    46 |    50 ||    96
       Ring mail         |       |    75 ||    75
Dodge: Dodged            |    73 |   207 ||   280

Table legend:
 A = Non-vault XP
 B = Vault XP
 C = Vault XP percentage of total XP
 D = Non-vault monster count
 E = Vault monster count
 F = Vault count percentage of total count
                 A         B        C        D         E       F
            +---------+---------+-------+---------+---------+-------
      Total |     335 |     217 |  39.3 |      51 |      29 |  36.2
            +---------+---------+-------+---------+---------+-------
        D:1 |      29 |       0 |   0.0 |      20 |       0 |   0.0
        D:2 |      72 |       8 |  10.0 |      10 |       4 |  28.6
        D:3 |      45 |       0 |   0.0 |      13 |       0 |   0.0
        D:4 |     189 |     209 |  52.5 |       8 |      25 |  75.8
            +---------+---------+-------+---------+---------+-------
